Map: Ascension to Aiur LE

Players

Majestic - Winner!

  • Race: Protoss Protoss
  • Spawn Location: 5:00

Veryn

  • Race: Protoss Protoss
  • Spawn Location: 11:00

Event: WCS Valencia 2017

VOD

Have the link to the VOD?

Description

Time

  • Played on: July 13, 2017, 6:27 a.m.
  • Length: 9:39

All games in this series

Show
View Real Time Build Order
Export as new Build Order

Majestic Protoss - Winner!

Build Orders:  

Get SALT Encoding   

  12  0:00  Probe (Chrono Boost)  
  13  0:11  Probe (Chrono Boost)  
  14  0:18  Pylon  
  14  0:22  Probe (Chrono Boost)  
  15  0:36  Probe (Chrono Boost), Gateway  
  16  0:44  Assimilator  
  16  0:47  Probe (Chrono Boost)  
  17  0:56  Assimilator  
  17  0:57  Probe (Chrono Boost)  
  18  1:04  Gateway  
  18  1:08  Probe (Chrono Boost)  
  20  1:18  Probe (Chrono Boost)  
  20  1:26  Cybernetics Core  
  20  1:29  Probe (Chrono Boost)  
  21  1:39  Pylon, Probe (Chrono Boost)  
  22  1:50  Probe (Chrono Boost)  
  23  2:03  Warp Gate (Chrono Boost), Adept (Chrono Boost)  
  23  2:05  Adept (Chrono Boost)  
  23  2:07  Mothership Core  
  29  2:15  Pylon  
  29  2:29  Robotics Facility  
  29  2:38  Probe  
  29  2:40  Sentry (Chrono Boost)  
  32  3:04  Nexus  
  32  3:16  Immortal (Chrono Boost)  
  36  3:25  Pylon  
  36  3:31  Sentry  
  38  3:40  Gateway  
  38  3:50  Warp Prism (Chrono Boost)  
  40  4:05  Sentry  
  40  4:07  Stalker  
  44  4:15  Probe x2  
  42  4:27  Probe  
  42  4:29  Probe  
  44  4:38  Probe  
  44  4:41  Stalker x3  
  44  4:44  Probe (Chrono Boost)  
  52  4:49  Probe (Chrono Boost)  
  51  4:56  Probe (Chrono Boost)  
  51  4:58  Observer  
  53  5:00  Probe (Chrono Boost)  
  53  5:03  Robotics Bay  
  53  5:07  Assimilator  
  54  5:09  Probe (Chrono Boost)  
  54  5:11  Probe (Chrono Boost)  
  54  5:13  Assimilator  
  56  5:19  Pylon  
  56  5:20  Probe (Chrono Boost)  
  57  5:22  Probe (Chrono Boost)  
  58  5:30  Probe (Chrono Boost)  
  58  5:32  Probe (Chrono Boost)  
  60  5:41  Probe (Chrono Boost)  
  62  5:43  Probe (Chrono Boost)  
  62  5:49  Disruptor  
  66  5:50  Pylon  
  66  5:51  Probe (Chrono Boost)  
  66  5:52  Pylon, Gravitic Drive (Chrono Boost)  
  66  5:56  Probe  
  67  6:03  Probe, Twilight Council  
  68  6:06  Forge  
  68  6:08  Probe  
  69  6:15  Probe  
  70  6:20  Probe  
  70  6:22  Immortal  
  70  6:25  Blink  
  75  6:26  Stalker  
  75  6:27  Stalker  
  79  6:36  Probe x2  
  81  6:41  Protoss Ground Weapons Level 1 (Chrono Boost)  
  81  6:48  Probe x2  
  83  6:54  Nexus  
  83  6:59  Pylon  
  83  7:12  Probe  
  83  7:13  Pylon, Probe  
  85  7:17  Immortal  
  89  7:27  Gateway  
  89  7:29  Gateway  
  87  7:33  Gateway  
  83  7:39  Gateway  
  83  7:42  Probe  
  83  7:43  Probe  
  85  7:49  Stalker x3  
  91  7:56  Disruptor  
  94  8:02  Probe x2  
  96  8:12  Robotics Facility  
  96  8:17  Stalker x2  
  100  8:20  Pylon  
  100  8:23  Pylon, Stalker  
  101  8:32  Disruptor (Chrono Boost)  
  104  8:36  Stalker  
  104  8:37  Stalker x2  
  110  8:48  Stalker x2  
  108  9:01  Pylon  
  108  9:05  Pylon  
  108  9:07  Pylon  
  93  9:12  Stalker x6  
  93  9:13  Stalker  
  101  9:27  Pylon  
Show
View Real Time Build Order
Export as new Build Order

Veryn Protoss 

Build Orders:  

Get SALT Encoding   

  12  0:00  Probe (Chrono Boost)  
  13  0:11  Probe (Chrono Boost)  
  14  0:17  Pylon  
  14  0:22  Probe (Chrono Boost)  
  16  0:35  Probe (Chrono Boost)  
  16  0:36  Gateway  
  16  0:41  Assimilator  
  16  0:46  Probe (Chrono Boost)  
  17  0:51  Assimilator  
  17  0:56  Probe (Chrono Boost)  
  18  1:07  Probe (Chrono Boost)  
  18  1:09  Gateway  
  19  1:17  Probe (Chrono Boost)  
  20  1:24  Cybernetics Core  
  20  1:28  Probe (Chrono Boost)  
  21  1:35  Pylon  
  21  1:38  Probe (Chrono Boost)  
  22  1:49  Probe (Chrono Boost)  
  23  2:02  Adept x2  
  23  2:04  Mothership Core (Chrono Boost)  
  23  2:05  Warp Gate (Chrono Boost)  
  29  2:12  Pylon  
  29  2:31  Stalker x2  
  32  2:46  Robotics Facility  
  32  3:12  Nexus  
  32  3:18  Sentry x2  
  36  3:23  Pylon  
  36  3:43  Immortal (Chrono Boost)  
  40  3:50  Gateway  
  40  4:08  Sentry  
  40  4:09  Stalker  
  44  4:26  Probe, Immortal (Chrono Boost)  
  44  4:28  Probe  
  50  4:33  Sentry  
  52  4:42  Probe, Stalker  
  52  4:43  Probe  
  54  4:55  Probe  
  54  4:57  Adept x2  
  55  5:06  Stalker  
  59  5:23  Probe  
  59  5:24  Probe  
  59  5:27  Warp Prism (Chrono Boost)  
  61  5:34  Pylon x2  
  61  5:36  Probe  
  62  5:50  Probe  
  62  5:52  Probe  
  62  5:53  Twilight Council  
  64  6:01  Probe  
  65  6:07  Probe  
  65  6:09  Nexus  
  66  6:12  Probe  
  66  6:13  Pylon  
  67  6:20  Probe  
  67  6:23  Pylon  
  68  6:29  Charge (Chrono Boost)  
  68  6:34  Probe  
  68  6:35  Probe  
  70  6:50  Gateway  
  70  6:51  Gateway  
  70  6:55  Gateway x2  
  70  6:57  Sentry x2  
  74  7:03  Probe  
  74  7:04  Probe  
  74  7:06  Assimilator  
  76  7:10  Assimilator  
  76  7:13  Probe  
  76  7:14  Pylon  
  77  7:21  Probe  
  77  7:22  Probe  
  68  7:24  Probe  
  69  7:35  Zealot x3  
  65  8:05  Zealot x7  
  79  8:13  Probe  
  79  8:15  Probe  
  81  8:25  Zealot  
  83  8:27  Zealot x5  
  83  8:30  Zealot  
  79  8:50  Zealot x5  
  73  8:57  Zealot x2  
  71  9:15  Zealot x4  
  77  9:23  Probe x2  
  63  9:24  Probe  
  58  9:33  Zealot x2  
  58  9:36  Zealot  
Tags
 
Add a new tag
Caveats
  • Supply blocks, unpowered buildings, or Contaminate may cause inaccurate times.
  • Supply counts are checked every 10 seconds.